 Dungeon Crawl Stone Soup version 0.22-a0-558-gc224181 (webtiles) character file.

768 pk666 the Magician (level 7, -2/36 HPs)
             Began as a Deep Elf Fire Elementalist on June 28, 2018.
             Killed by divine providence
             ... invoked by an orc priest
              (14 damage)
             ... on level 4 of the Dungeon.
             The game lasted 00:07:51 (3678 turns).

pk666 the Magician (Deep Elf Fire Elementalist)     Turns: 3678, Time: 00:07:52

Health: -2/36      AC:  2    Str:  5    XL:     7   Next: 52%
Magic:  11/18      EV: 13    Int: 22    God:
Gold:   222        SH:  0    Dex: 17    Spells: 10/19 levels left

rFire    . . .     SeeInvis .   (no weapon)
rCold    . . .     Gourm    +   (no shield)
rNeg     . . .     Faith    .   a - +0 robe
rPois    .         Spirit   .   (no helmet)
rElec    .         Reflect  .   (no cloak)
rCorr    .         Harm     .   (no gloves)
MR       .....                  (no boots)
Stlth    +++.......             b - amulet of the gourmand
HPRegen  0.12/turn              j - ring of stealth
MPRegen  0.16/turn              p - +2 ring of dexterity

@: no status effects
A: no striking features
a: no special abilities


You were on level 4 of the Dungeon.
You were very full.

You visited 1 branch of the dungeon, and saw 4 of its levels.

You collected 222 gold pieces.

Inventory:

Armour
 a - a +0 robe (worn)
 i - a +0 pair of boots
Jewellery
 b - an amulet of the gourmand (around neck)
 j - a ring of stealth (left hand)
 l - an uncursed ring of stealth
 p - a +2 ring of dexterity (right hand)
 r - a +2 amulet of reflection {unknown}
Scrolls
 d - 2 scrolls of noise {unknown}
 e - 5 scrolls of remove curse {unknown}
 f - 2 scrolls of immolation {unknown}
 g - a scroll of teleportation {unknown}
 h - 3 scrolls of identify {unknown}
 k - 2 scrolls of fog {unknown}
 n - a scroll of blinking {unknown}
Potions
 m - 2 potions of curing {unknown}
 o - 2 potions of berserk rage {unknown}
 q - a potion of might {unknown}
Comestibles
 c - 8 rations
 s - 4 chunks of flesh


   Skills:
 - Level 2.4 Dodging
 - Level 2.4 Stealth
 + Level 6.5 Spellcasting
 + Level 6.0 Conjurations
 + Level 5.9 Fire Magic


You had 10 spell levels left.
You knew the following spells:

 Your Spells              Type           Power        Failure   Level  Hunger
a - Flame Tongue          Conj/Fire      ####.        1%          1    None
c - Conjure Flame         Conj/Fire      ####....     2%          3    #......
z - Fireball              Conj/Fire      ####......   21%         5    #####..

Your spell library contained the following spells:

 Spells                   Type           Power        Failure   Level  Hunger
 Throw Flame              Conj/Fire      ####..       1%          2    None
 Sticky Flame             Conj/Fire      ####....     8%          4    ###....
 Inner Flame              Hex/Fire       ###.....     8%          3    #......


Dungeon Overview and Level Annotations

Branches:
Dungeon (4/15)
 Temple: D:4-7

Altars:
Gozag
Qazlal


Message History

The flame tongue hits the orc priest.
The orc priest is heavily wounded.
The orc priest misses you.
Casting: Flame Tongue (safe; 1% risk of failure)
Confirm with . or Enter, or press ? or * to list all spells.
Aiming: Flame Tongue (safe; 1% risk of failure)
Press: ? - help, Shift-Dir - straight line, f/p - orc priest
Aim: an orc priest, wielding a club and wearing a chain mail (heavily wounded)
The flame tongue hits the orc priest.
The orc priest appears unharmed.
The orc priest is heavily wounded.
Casting: Flame Tongue (safe; 1% risk of failure)
Confirm with . or Enter, or press ? or * to list all spells.
Aiming: Flame Tongue (safe; 1% risk of failure)
Press: ? - help, Shift-Dir - straight line, f/p - orc priest
Aim: an orc priest, wielding a club and wearing a chain mail (heavily wounded)
The flame tongue hits the orc priest.
The orc priest appears unharmed.
The orc priest is heavily wounded.
The orc priest calls down the wrath of Beogh upon you.
Beogh smites you!
You die...

#####
############......
#......@oloo.(....
#.##########......
#<## ..... #..#
##.# ##.# # #.###
#...## ###..#
##### ##### ##.###
##._.###._.#


You could see an orc priest, 2 orcs and a leopard gecko.

Vanquished Creatures
  Grinder (D:4)
  Menkaure (D:4)
  A bullfrog skeleton (D:4)
  A hound (D:4)
  3 orc priests
  4 orc wizards
  A worker ant (D:4)
  A hound zombie (D:2)
  A hound skeleton (D:4)
  2 adders (D:3)
  A river rat (D:3)
  3 oozes
  5 worms
  A dart slug (D:2)
  2 leopard geckos (D:3)
  17 orcs
  A ball python (D:1)
  2 giant cockroaches
  10 goblins
  2 hobgoblins (D:2)
  A quokka (D:3)
  7 bats
  6 frilled lizards
  5 kobolds
  9 rats
88 creatures vanquished.

Notes
Turn   | Place    | Note
-------+----------+-------------------------------------------
     0 | D:1      | pk666 the Deep Elf Fire Elementalist began the quest for the Orb.
     0 | D:1      | Reached XP level 1. HP: 10/10 MP: 6/6
   318 | D:1      | Reached XP level 2. HP: 15/15 MP: 6/8
   785 | D:2      | Reached XP level 3. HP: 19/19 MP: 5/10
   836 | D:2      | Learned a level 3 spell: Conjure Flame
  1330 | D:3      | Reached XP level 4. HP: 24/24 MP: 7/11
  1645 | D:3      | Reached XP level 5. HP: 28/28 MP: 10/13
  1856 | D:3      | Found an opulent altar of Gozag.
  2837 | D:4      | Reached XP level 6. HP: 32/32 MP: 10/15
  2875 | D:4      | Learned a level 5 spell: Fireball
  2886 | D:4      | Noticed Menkaure
  2888 | D:4      | Killed Menkaure
  2888 | D:4      | Reached skill level 5 in Spellcasting
  2888 | D:4      | Reached skill level 5 in Conjurations
  2888 | D:4      | Reached skill level 5 in Fire Magic
  3300 | D:4      | Reached XP level 7. HP: 33/36 MP: 10/17
  3348 | D:4      | Noticed Grinder
  3354 | D:4      | Paralysed by Grinder for 6 turns
  3365 | D:4      | Paralysed by Grinder for 6 turns
  3373 | D:4      | Killed Grinder
  3532 | D:4      | Found an opulent altar of Gozag.
  3532 | D:4      | Found a stormy altar of Qazlal.
  3678 | D:4      | Killed from afar by an orc priest

Vault maps used:
D:1:      nagdon_arrival_double_spiral
D:2:      first_ration
D:3:      portal_sewer_entry_a, minmay_misc_feat_rows,
          nicolae_gozag_seed_capital
D:4:      gammafunk_temple_overflow_pools, serial_shops, kennysheep_mini,
          uniq_menkaure, uniq_grinder

Skill      XL: |  1  2  3  4  5  6  7 |
---------------+----------------------+-----
Conjurations   | 2 3 4 5 6 |  6.0
Spellcasting   | 4 5 6 |  6.5
Fire Magic     | 4 5 |  5.9
Dodging        | |  2.4
Stealth        | |  2.4

Action                   |  1- 3 |  4- 6 |  7- 9 || total
-------------------------+-------+-------+-------++-------
 Cast: Flame Tongue      |    59 |   101 |    25 ||   185
       Conjure Flame     |       |     1 |     3 ||     4
  Eat: Chunk             |     9 |    12 |     1 ||    22
Armor: Robe              |     4 |     2 |     1 ||     7
Dodge: Dodged            |    15 |    17 |     4 ||    36

Table legend:
 A = Spawn XP
 B = Non-spawn XP
 C = Spawn XP percentage of total XP
 D = Spawn monster count
 E = Non-spawn monster count
 F = Spawn count percentage of total count
 G = Total turns spent on level
                    A         B        C        D         E        F      G
               +---------+---------+-------+---------+---------+-------+---------
         Total |       0 |    1098 |   0.0 |       0 |      88 |   0.0 |  3678
               +---------+---------+-------+---------+---------+-------+---------
           D:1 |       0 |      26 |   0.0 |       0 |      14 |   0.0 |   692
           D:2 |       0 |      69 |   0.0 |       0 |      19 |   0.0 |   871
           D:3 |       0 |     256 |   0.0 |       0 |      31 |   0.0 |  1270
           D:4 |       0 |     747 |   0.0 |       0 |      24 |   0.0 |   845
               +---------+---------+-------+---------+---------+-------+---------
